 Dungeon Crawl Stone Soup version 0.27-a0-1071-ga85bd9520d (console) character file.

Game seed: 2014085578569395503

11 nht the Digger (level 2, 15/19 HPs)
             Began as a Demonspawn Earth Elementalist on Apr 24, 2021.
             Quit the game on level 1 of the Dungeon.
             The game lasted 00:00:43 (320 turns).

nht the Digger (Demonspawn Earth Elementalist)       Turns: 320, Time: 00:00:44

Health: 15/19      AC:  2    Str:  8    XL:     2   Next: 17%
Magic:  0/5        EV: 12    Int: 16    God:
Gold:   19         SH:  0    Dex: 13    Spells: 4/5 levels left

rFire    . . .     SeeInvis .   (no weapon)
rCold    . . .     Faith    .   (no shield)
rNeg     . . .     Spirit   .   c - +0 robe
rPois    .         Reflect  .   (no helmet)
rElec    .         Harm     .   (no cloak)
rCorr    .         Rampage  .   (no gloves)
Will     .....                  (no boots)
Stlth    ++........             (no amulet)
HPRegen  0.06/turn              (no ring)
MPRegen  0.09/turn              (no ring)

@: no status effects
A: sanguine armour 1
a: no special abilities


You were on level 1 of the Dungeon.
You visited 1 branch of the dungeon, and saw 1 of its levels.

You collected 19 gold pieces.

Inventory:

Hand Weapons
 a - a +0 dagger
Missiles
 b - 12 stones
Armour
 c - a +0 robe (worn)


   Skills:
 - Level 1.7 Dodging
 - Level 1.7 Stealth
 - Level 2.0 Spellcasting
 - Level 0.8 Transmutations
 + Level 3.3 Earth Magic


You had 4 spell levels left.
You knew the following spells:

 Your Spells              Type           Power      Damage    Failure   Level
a - Sandblast             Erth           24%        2d8       5%          1

Your spell library contained the following spells:

 Spells                   Type           Power      Damage    Failure   Level
 Passwall                 Tmut/Erth      6%         N/A       13%         2
 Stone Arrow              Conj/Erth      12%        3d7       30%         3
 Petrify                  Tmut/Erth      8%         N/A       65%         4
 Lee's Rapid Deconstruct  Erth           6%         3d7*      82%         5


Dungeon Overview and Level Annotations

Branches:
Dungeon (1/15)

Altars:


Innate Abilities, Weirdness & Mutations

When seriously injured, your bleeding wounds create armour. (AC +0)


Message History

The blast of sand hits the ball python.
You kill the ball python!
A frilled lizard and a kobold come into view.
You can't see any susceptible monsters within range! (Use Z to cast anyway.)
The blast of sand hits the kobold but does no damage.
The kobold shouts!
The blast of sand hits the kobold but does no damage.
The frilled lizard hisses angrily.
The blast of sand hits the kobold.
You kill the kobold!
The blast of sand hits the frilled lizard!
You kill the frilled lizard!
A jackal comes into view. 2 jackals come into view.
The jackal barks!
Found a stone staircase leading down.
You see here a +0 dagger.
a - a +0 dagger The blast of sand hits the jackal!
You kill the jackal!
You have reached level 2!
Your demonic ancestry asserts itself...
You feel your blood ready itself to protect you.
A jackal is nearby!
The blast of sand hits the jackal!
You kill the jackal!
The jackal barks!
A jackal comes into view.
The jackal moves out of view.
You see here a jackal corpse.
The jackal barks!
You see here a jackal corpse.
The blast of sand hits the jackal!
You kill the jackal!
The blast of sand hits the jackal but does no damage.
The blast of sand hits the jackal.
The jackal is moderately wounded.
The jackal bites you but does no damage.
The blast of sand misses the jackal.
The jackal bites you. x2
Are you sure you want to abandon this character and quit the game? (Confirm with "yes".) ████......... █..█ ............. ... .......†████. ..█ .██.......███ ██..█ ....█████....██...█ ..███ ███.....█ ..█████ █...█ ......████ █.†███ █████....██ ██..@.█ █████

███████..███.†██h██.....h
........)......█.....h..h
.........█..██...$.......
...........████████......
.........███ ......
.........█ .....
.........█ .....
.........█ ....


You could see a jackal.

Vanquished Creatures
  An endoplasm (D:1)
  A goblin (D:1)
  3 jackals (D:1)
  A ball python (D:1)
  A frilled lizard (D:1)
  2 kobolds (D:1)
  3 rats (D:1)
12 creatures vanquished.

Notes
Turn   | Place    | Note
-------+----------+-------------------------------------------
     0 | D:1      | nht the Demonspawn Earth Elementalist began the quest for
                  | the Orb.
     0 | D:1      | Reached XP level 1. HP: 13/13 MP: 3/3
   154 | D:1      | Reached skill level 3 in Earth Magic
   294 | D:1      | Gained mutation: When seriously injured, your bleeding
                  | wounds create armour. (AC +0) [demonic ancestry]
   294 | D:1      | Reached XP level 2. HP: 19/19 MP: 3/5
   320 | D:1      | Quit the game

Illustrated notes

Levels and vault maps discovered:
D:1:      co_arrival_random_square_maze, layout_rooms, serial_glass,
          glass_columns_c, glass_columns_c

Skill      XL: |  1 |
---------------+----+-----
Earth Magic    | 3 |  3.3
Dodging        | |  1.7
Stealth        | |  1.7
Spellcasting   | |  2.0
Transmutations | |  0.8

Action                   || total
-------------------------++-------
 Cast: Sandblast         ||    18
Armor: Robe              ||     1

Table legend: (Time is in decaauts)
 A = Elapsed time spent in this place.
 B = Non-inter-level travel time spent in this place.
 C = Inter-level travel time spent in this place.
 D = Time resting spent in this place.
 E = Time spent auto-exploring this place.
 F = Levels seen in this place.
 G = Mean time per level.
                   A        B        C        D        E       F      G
               +--------+--------+--------+--------+--------+-----+--------+
         Total |    320 |    320 |      0 |      0 |    259 |   1 |  320.0 |
       Dungeon |    320 |    320 |      0 |      0 |    259 |   1 |  320.0 |
               +--------+--------+--------+--------+--------+-----+--------+

Top non-repeatable levels by time:
     D:1: 320 daAuts
